Map: Traitor's Exile

Players

PureLegacy - Winner!

  • Race: Terran Terran
  • League: Master
  • Spawn Location: 5:00

ScorpioN - Winner!

  • Race: Terran Terran
  • Spawn Location: 6:00

Russkiy

  • Race: Zerg Zerg
  • League: Master
  • Spawn Location: 12:00

Rjv

  • Race: Terran Terran
  • Spawn Location: 9:00

VOD

Have the link to the VOD?

Description

Time

  • Played on: Dec. 2, 2018, 3:45 p.m.
  • Length: 7:01
Show
View Real Time Build Order
Export as new Build Order

PureLegacy Terran - Winner!

Build Orders:  

Get SALT Encoding   

  12  0:01  SCV  
  13  0:13  SCV  
  14  0:19  Supply Depot  
  14  0:25  SCV  
  15  0:30  Refinery  
  15  0:40  SCV  
  16  0:46  Barracks  
  16  0:53  SCV  
  17  1:05  Barracks  
  17  1:19  Barracks  
  17  1:21  SCV  
  18  1:33  Reaper  
  18  1:39  Orbital Command  
  19  1:47  Refinery  
  19  1:52  Reaper  
  20  1:59  Supply Depot  
  20  2:05  Reaper  
  21  2:09  Reaper  
  22  2:16  SCV  
  23  2:24  Reaper  
  23  2:29  Supply Depot  
  24  2:38  SCV  
  25  2:45  Reaper x2  
  25  2:50  SCV  
  27  2:58  Reaper  
  26  3:15  Command Center  
  26  3:17  Reaper, SCV  
  26  3:19  Reaper  
  29  3:28  Supply Depot  
  29  3:30  Reaper  
  30  3:34  SCV  
  31  3:46  SCV  
  32  3:49  Reaper  
  32  3:54  Barracks  
  32  3:55  Reaper  
  33  4:07  Reaper  
  34  4:15  Barracks  
  33  4:21  Reaper  
  33  4:22  Engineering Bay, SCV  
  35  4:31  Reaper  
  36  4:39  Reaper  
  36  4:42  Reaper  
  37  4:48  Terran Infantry Weapons Level 1  
  37  4:49  SCV  
  38  4:53  Reaper  
  39  5:04  SCV  
  40  5:11  Reaper x2  
  41  5:21  Reaper  
  41  5:24  Orbital Command  
  41  5:26  SCV  
  43  5:29  Reaper  
  43  5:33  Refinery  
  43  5:34  Reaper  
  45  5:36  Command Center  
  45  5:38  Refinery, SCV  
  46  5:48  Reaper  
  47  5:50  SCV  
  47  5:56  Reaper  
  49  6:01  Reaper  
  49  6:02  SCV x2  
  51  6:09  Reaper  
  49  6:17  Reaper  
  50  6:20  Reaper  
  51  6:29  Reaper  
  51  6:32  Barracks  
  52  6:35  Barracks  
  52  6:37  Barracks  
  52  6:39  SCV x2  
Show
View Real Time Build Order
Export as new Build Order

ScorpioN Terran - Winner!

Build Orders: Hellion Opening, Mech 

Get SALT Encoding   

  12  0:00  SCV  
  13  0:13  SCV  
  14  0:18  Supply Depot  
  14  0:25  SCV  
  15  0:30  Refinery  
  15  0:39  SCV  
  16  0:46  Barracks  
  16  0:52  SCV  
  17  0:58  Refinery  
  17  1:04  SCV  
  18  1:16  SCV  
  19  1:28  SCV  
  20  1:33  Reaper  
  20  1:36  Factory  
  21  1:42  Orbital Command  
  21  1:53  Supply Depot  
  21  2:05  Barracks Reactor  
  21  2:11  SCV  
  22  2:18  Factory  
  22  2:27  SCV  
  23  2:31  Hellion  
  23  2:33  Supply Depot  
  25  2:41  SCV  
  25  2:56  SCV  
  25  2:58  Supply Depot  
  26  3:00  Hellion x2  
  26  3:02  Barracks Tech Lab  
  26  3:05  Hellion  
  32  3:17  SCV  
  33  3:21  Hellion  
  33  3:25  Hellion  
  37  3:32  SCV  
  37  3:33  Infernal Pre-Igniter  
  40  3:50  Cyclone  
  40  3:54  Widow Mine x2  
  45  4:14  SCV  
  45  4:16  Hellion  
  46  4:20  Hellion  
  46  4:22  Siege Tank  
  47  4:46  SCV  
  44  5:03  Siege Tank  
  47  5:09  Supply Depot  
  47  5:14  Command Center  
  47  5:17  Hellion x2, SCV  
  52  5:27  Barracks Tech Lab  
  52  5:29  Starport, SCV  
  53  5:38  Siege Tank  
  53  5:39  Hellion  
  53  5:40  Hellion  
  53  5:41  SCV  
  59  5:53  SCV  
  45  6:30  Hellion x2  
  48  6:36  Starport Tech Lab  
  48  6:37  Factory  
Show
View Real Time Build Order
Export as new Build Order

Russkiy Zerg 

Build Orders: Hatch First 

Get SALT Encoding   

  12  0:00  Drone  
  13  0:12  Overlord  
  13  0:18  Drone  
  14  0:31  Drone x2  
  14  0:34  Drone  
  17  0:56  Hatchery  
  16  0:59  Drone  
  16  1:00  Drone  
  16  1:03  Extractor  
  17  1:18  Spawning Pool  
  16  1:20  Drone  
  16  1:23  Drone  
  18  1:28  Drone  
  19  1:38  Overlord  
  19  2:04  Queen  
  22  2:08  Zergling x4  
  22  2:11  Roach Warren  
  22  2:12  Queen  
  24  2:18  Drone  
  25  2:27  Overlord  
  25  2:36  Drone  
  25  2:37  Drone  
  27  2:42  Overlord  
  27  2:54  Roach x3  
  33  3:02  Roach  
  35  3:09  Roach x2  
  39  3:14  Roach  
  39  3:19  Roach  
  43  3:20  Roach  
  43  3:26  Roach  
  47  3:33  Roach x2  
  51  3:43  Overlord  
  51  3:55  Overlord  
  49  4:11  Drone x3  
  49  4:12  Drone x6  
  58  4:23  Overlord  
  58  4:25  Metabolic Boost  
  56  4:35  Drone x3  
  59  4:38  Queen  
  61  4:45  Extractor  
  61  4:46  Lair  
  61  4:52  Overlord  
  60  4:54  Zergling x2  
  60  4:56  Drone x2  
  63  5:09  Roach x2  
  63  5:10  Roach x2  
  71  5:18  Roach  
  59  5:26  Extractor  
  58  5:30  Roach  
  58  5:31  Zergling x2  
  58  5:32  Zergling x6  
  58  5:33  Queen  
  66  5:38  Roach x2  
  66  5:39  Spine Crawler  
  66  5:40  Zergling x2  
  70  5:56  Roach x3  
  70  5:57  Roach  
  76  6:02  Roach  
  68  6:14  Zergling x8  
  66  6:27  Zergling x4  
  66  6:28  Zergling x2  
  65  6:38  Zergling x2  
  65  6:39  Zergling x2  
Show
View Real Time Build Order
Export as new Build Order

Rjv Terran 

Build Orders:  

Get SALT Encoding   

  12  0:01  SCV  
  13  0:13  SCV  
  14  0:18  Supply Depot  
  14  0:25  SCV  
  15  0:39  SCV  
  16  0:48  Barracks  
  16  0:51  Refinery  
  16  0:52  SCV  
  17  1:02  Barracks  
  17  1:05  SCV  
  18  1:15  Barracks  
  18  1:22  Refinery  
  18  1:35  Reaper  
  19  1:43  Orbital Command  
  19  1:50  Reaper  
  20  2:05  Supply Depot  
  20  2:07  Reaper  
  20  2:08  Reaper  
  22  2:22  Reaper  
  23  2:27  SCV  
  24  2:39  SCV  
  24  2:42  Reaper  
  26  2:45  Reaper  
  27  2:51  SCV  
  27  2:54  Reaper  
  29  3:02  Command Center  
  29  3:07  Supply Depot  
  25  3:15  Reaper  
  25  3:17  Reaper  
  27  3:26  Factory  
  27  3:28  Barracks Tech Lab  
  27  3:30  SCV  
  28  3:42  SCV  
  29  3:50  Marine  
  29  3:51  Marine x2  
  29  3:52  Stimpack  
  29  3:55  SCV  
  31  4:07  SCV  
  32  4:19  SCV  
  32  4:22  Orbital Command  
  33  4:26  Factory Reactor, Marine  
  33  4:27  Marine  
  33  4:31  Starport, SCV  
  36  4:43  SCV  
  37  4:48  Marine x3  
  40  4:56  SCV  
  38  5:03  Orbital Command  
  38  5:07  Barracks Tech Lab  
  38  5:13  Supply Depot, Barracks Reactor  
  37  5:23  Marauder  
  37  5:24  Medivac x2  
  37  5:26  Combat Shield  
  43  5:29  SCV x2  
  45  5:38  Marauder  
  45  5:39  Refinery  
  45  5:41  SCV  
  48  5:47  Marauder  
  48  5:49  Marine x2  
  52  5:50  SCV  
  52  5:53  SCV  
  52  5:56  Supply Depot  
  54  6:03  SCV  
  55  6:06  SCV  
  44  6:11  Marine x2, Marauder  
  44  6:12  Marauder  
  46  6:24  SCV  
  46  6:25  SCV  
  28  6:29  Marine x2  
  30  6:33  Marauder x2  
Tags
 
Add a new tag
Caveats
  • Supply blocks, unpowered buildings, or Contaminate may cause inaccurate times.
  • Supply counts are checked every 10 seconds.